Map: Blackpink LE

Players

JaySlays

  • Race: Protoss Protoss
  • Spawn Location: 7:00

KYJelly

  • Race: Protoss Protoss
  • League: Diamond
  • Spawn Location: 1:00

Wolf

  • Race: Terran Terran
  • League: Diamond

TTOne

  • Race: Terran Terran
  • League: Master

VOD

Have the link to the VOD?

Description

Time

  • Played on: April 15, 2018, 7:50 p.m.
  • Length: 5:13
Show
View Real Time Build Order
Export as new Build Order

JaySlays Protoss 

Build Orders: 1 Gate Expand 

Get SALT Encoding   

  12  0:01  Probe  
  13  0:14  Probe  
  14  0:21  Pylon  
  14  0:26  Probe  
  15  0:39  Probe (Chrono Boost)  
  15  0:40  Gateway  
  17  0:50  Assimilator  
  17  0:51  Probe (Chrono Boost)  
  17  0:59  Probe (Chrono Boost)  
  18  1:21  Nexus  
  18  1:25  Probe  
  19  1:35  Pylon  
  19  1:41  Probe (Chrono Boost)  
  20  1:52  Cybernetics Core  
  20  1:54  Probe (Chrono Boost)  
  21  2:03  Assimilator  
  21  2:04  Probe  
  23  2:16  Probe  
  22  2:26  Stalker (Chrono Boost)  
  22  2:27  Warp Gate (Chrono Boost)  
  22  2:28  Probe  
  25  2:33  Probe  
  26  2:40  Probe  
  27  2:45  Probe  
  27  2:54  Probe  
  27  2:58  Probe  
  28  3:01  Stalker  
  30  3:06  Probe (Chrono Boost)  
  30  3:08  Gateway  
  32  3:14  Probe (Chrono Boost)  
  32  3:18  Probe (Chrono Boost)  
  33  3:24  Probe (Chrono Boost)  
  33  3:25  Probe (Chrono Boost)  
  33  3:26  Twilight Council  
  35  3:32  Probe  
  36  3:34  Probe  
  37  3:44  Probe  
  37  3:46  Probe  
  39  3:48  Gateway  
  39  3:51  Pylon  
  39  4:00  Pylon  
  39  4:01  Probe x2  
  41  4:13  Probe  
  40  4:22  Stalker  
  40  4:23  Stalker  
  40  4:30  Pylon  
Show
View Real Time Build Order
Export as new Build Order

KYJelly Protoss 

Build Orders:  

Get SALT Encoding   

  12  0:00  SCV  
  13  0:13  SCV  
  14  0:17  Supply Depot  
  14  0:25  SCV  
  15  0:29  Refinery  
  15  0:39  SCV  
  16  0:45  Barracks  
  16  0:52  SCV  
  17  1:04  SCV  
  18  1:16  SCV  
  19  1:32  Reaper, Orbital Command  
  20  1:44  Command Center  
  20  1:53  Factory  
  20  2:02  SCV  
  21  2:09  Barracks Reactor  
  21  2:15  SCV  
  22  2:16  Refinery  
  22  2:22  Supply Depot  
  22  2:27  SCV  
  23  2:44  SCV  
  24  2:53  Cyclone  
  27  3:03  Orbital Command  
  27  3:05  Cyclone  
  30  3:09  Barracks Tech Lab  
  30  3:14  SCV  
  31  3:24  Command Center  
  31  3:27  SCV  
  32  3:29  SCV  
  33  3:39  SCV  
  34  3:41  SCV  
  34  3:45  Siege Tank  
  34  3:46  Marine x2  
  40  3:51  Supply Depot  
  40  3:59  SCV x2  
  42  4:11  SCV  
  42  4:15  Factory  
  42  4:16  Factory, Refinery  
  43  4:18  Refinery  
  43  4:26  SCV x2  
  44  4:39  Orbital Command  
  44  4:41  SCV  
  44  4:42  SCV  
  44  4:44  Barracks Tech Lab  
  49  4:54  SCV x2  
Show
View Real Time Build Order
Export as new Build Order

Wolf Terran 

Build Orders:  

Get SALT Encoding   

Show
View Real Time Build Order
Export as new Build Order

TTOne Terran 

Build Orders:  

Get SALT Encoding   

Tags
 
Add a new tag
Caveats
  • Supply blocks, unpowered buildings, or Contaminate may cause inaccurate times.
  • Supply counts are checked every 10 seconds.